 Dungeon Crawl Stone Soup version 0.30.0-20-g3615ddf2f0 (webtiles) character file.

Game seed: 12708427282094120890

243 qw the Chopper (level 6, -4/38 HPs)
             Began as a Gargoyle Fighter on June 1, 2023.
             Slain by a gnoll
             ... wielding a +0 halberd
              (6 damage)
             ... on level 2 of the Dungeon.
             The game lasted 00:00:42 (1107 turns).

qw the Chopper (Gargoyle Fighter)                   Turns: 1107, Time: 00:00:42

Health: -4/38      AC: 12    Str: 22    XL:     6   Next: 9%
Magic:  6/6        EV:  9    Int:  8    God:
Gold:   77         SH:  4    Dex:  9    Spells: 5/5 levels left

rFire   . . .        Y - +0 war axe
rCold   . . .        c - +0 buckler
rNeg    + . .        b - +0 scale mail
rPois   inf          g - +0 helmet
rElec   +            (no cloak)
rCorr   .            (no gloves)
SInv    .            (no boots)
Will    .....        (no amulet) Stlth
                     (no ring)
HPRegen 0.26/turn    (no ring)
MPRegen 0.10/turn

%: no passive effects
@: no status effects
A: sickness immunity, AC +4, negative energy resistance 1, electricity
resistance, torment resistance 1, petrification resistance
a: no special abilities


You were on level 2 of the Dungeon.
You visited 1 branch of the dungeon, and saw 2 of its levels.

You collected 77 gold pieces.


Innate Abilities, Weirdness & Mutations

You are immune to sickness and miasma.
Your stone body is resilient. (AC +4)
You are immune to poison.
You resist negative energy. (rN+)
You are resistant to electric shocks. (rElec)
You are resistant to unholy torment.
You are immune to petrification.


   Skills:
 + Level 4.0 Fighting
 - Level 5.3 Axes
 - Level 3.2 Armour
 - Level 3.2 Shields


You had 5 spell levels left.
You didn't know any spells.
Your spell library was empty.

Inventory:

Hand Weapons
 a - the +6 mace "Ygheu" {heavy, rPois}
   (You found it on level 2 of the Dungeon)

   rPois:     It protects you from poison.
 Y - a +0 war axe (weapon)
Armour
 b - a +0 scale mail (worn)
 c - a +0 buckler (worn)
 g - a +0 helmet (worn)
 i - a +0 chain mail
Jewellery
 j - a +4 ring of slaying {mikee}
Wands
 e - a wand of digging (3)
Scrolls
 f - 2 scrolls of identify
Potions
 d - 2 potions of might
 h - 3 potions of haste {unknown}
 l - a potion of attraction {unknown}

Dungeon Overview and Level Annotations

Branches:
Dungeon (2/15)

Altars:


Message History

The gnoll is heavily wounded.
You closely miss the gnoll. You block the gnoll's attack.
The gnoll hits you with a +0 spear. The gnoll barely misses you.
You slash the gnoll!
You kill the gnoll!
You closely miss the gnoll. You barely miss the gnoll. You slash the rat!
You kill the rat!
The gnoll hits you with a +0 flail. You block the gnoll's attack.
You have reached level 6!
You closely miss the gnoll.
The gnoll is lightly wounded.
You barely miss the gnoll. The gnoll hits you but does no damage.
The gnoll barely misses you. The gnoll hits you with a +0 whip.
The gnoll barely misses you. The gnoll hits you but does no damage.
The gnoll hits you with a +0 whip.
You closely miss the gnoll.
The gnoll is lightly wounded.
You hit the gnoll but do no damage. The gnoll hits you with a +0 flail.
The gnoll hits you from afar with a +0 halberd.
The gnoll barely misses you.
You slash the gnoll!
You kill the gnoll!
You barely miss the gnoll. The gnoll hits you with a +0 flail.
The gnoll closely misses you.
You slash the gnoll!
The gnoll is severely wounded.
The gnoll hits you but does no damage. The gnoll barely misses you.
The gnoll completely misses you. The gnoll hits you but does no damage.
You barely miss the gnoll.
The gnoll is severely wounded.
The gnoll hits you but does no damage.
The gnoll hits you from afar with a +0 halberd.
You slash the gnoll!
You kill the gnoll!
The gnoll hits you from afar with a +0 halberd.
Your Fighting skill increases to level 4!
The gnoll hits you with a +0 halberd.
You die...

# #### ...## .#..##
.##..##################.
.................)......
.....###########.).##...
.........######.@%......
................g.......
.........#####..........
...#....######..........
##......................
#...........#.##...##...
..###..................#
..###.............>...#####
#..#......................


You could see a gnoll.

Vanquished Creatures
  Sigmund (D:2)
  4 gnolls
  2 worms (D:2)
  2 dart slugs (D:1)
  2 endoplasms
  7 hobgoblins
  2 kobolds
  2 ball pythons (D:2)
  7 bats
  4 frilled lizards (D:1)
  6 rats
39 creatures vanquished.

Notes
Turn   | Place    | Note
-------+----------+-------------------------------------------
     0 | D:1      | qw the Gargoyle Fighter began the quest for the Orb.
     0 | D:1      | Reached XP level 1. HP: 14/14 MP: 1/1
     0 | D:1      | 0 ||| qw: Version: 0.2-a-102-gdf20003
     0 | D:1      | 0 ||| qw: Game counter: 753
     0 | D:1      | 0 ||| qw: Always use a shield: true
     0 | D:1      | 0 ||| qw: God list: Okawaru
     0 | D:1      | 0 ||| qw: Allow faded altars: false
     0 | D:1      | 0 ||| qw: Do Orc after D:15 true
     0 | D:1      | 0 ||| qw: Do second Lair branch before Depths: true
     0 | D:1      | 0 ||| qw: Lair rune preference: random
     0 | D:1      | 0 ||| qw: Plans: Normal, Zot:1-4, Slime:5, God:TSO, Crypt,
                  | Tomb, Pan, Hells, Abyss, Win
     0 | D:1      | 0 ||| PLANNING D:1-11
    99 | D:1      | Reached skill level 2 in Axes
   146 | D:1      | Reached XP level 2. HP: 14/19 MP: 2/2
   521 | D:1      | HP: 1/19 [gnoll/+0 club (6)]
   524 | D:1      | Reached skill level 3 in Axes
   524 | D:1      | Reached XP level 3. HP: 3/23 MP: 3/3
   685 | D:1      | 685 ||| UPGRADING to +0 helmet.
   690 | D:1      | 690 ||| READING scroll labelled UNUXTA RICOUGE.
   695 | D:1      | 695 ||| READING 2 scrolls labelled IBIMULIRIC.
   696 | D:1      | 696 ||| READING scroll labelled ENWUJUPRUB.
   697 | D:1      | 697 ||| READING scroll labelled ZICHYUGACU.
   698 | D:1      | 698 ||| READING scroll labelled ZAOSTU RAKEI.
   709 | D:2      | Identified the +6 mace "Ygheu" {heavy, rPois}
   711 | D:2      | 711 ||| DROPPING +0 whip.
   776 | D:2      | Noticed Sigmund
   783 | D:2      | HP: 5/23 [Sigmund/+0 scythe (2)]
   788 | D:2      | HP: 3/23 [Sigmund/+0 scythe (2)]
   790 | D:2      | Killed Sigmund
   791 | D:2      | Reached skill level 5 in Axes
   791 | D:2      | Reached XP level 4. HP: 4/28 MP: 4/4
   791 | D:2      | Reached XP level 5. HP: 5/32 MP: 5/5
   898 | D:2      | Identified the staff of poison "Nauhiok" {rPois Will++
                  | Str+3 Dex-2 SInv}
  1091 | D:2      | 1091 ||| Stepping ~*~*~tactically~*~*~ (hiding).
  1101 | D:2      | Reached XP level 6. HP: 27/38 MP: 6/6
  1105 | D:2      | HP: 8/38 [gnoll/+0 halberd (5)]
  1106 | D:2      | HP: 2/38 [gnoll/+0 halberd (6)]
  1107 | D:2      | Slain by a gnoll

Levels and vault maps discovered:
D:1:      dpeg_arrival_signposts, layout_rooms, chequers_serial_rivers_room_b,
          grunt_decor_arrowhead, nrook_mini_vaults
D:2:      layout_rooms, amcnicky_mini_corridor_feature, uniq_sigmund

Skill      XL: |  1  2  3  4  5  6 |
---------------+-------------------+-----
Axes           | 2 3 5 |  5.3
Fighting       | 4 |  4.0
Armour         | |  3.2
Shields        | |  3.2

Action                     |  1- 3 |  4- 6 || total
---------------------------+-------+-------++-------
  Melee: War axe           |    78 |    39 ||   117
    Use: Scroll            |     5 |       ||     5
 Armour: Scale mail        |    34 |    14 ||    48
  Dodge: Dodged            |    56 |    26 ||    82
  Block: Buckler           |    21 |     5 ||    26

Table legend:
 A = Non-vault XP
 B = Vault XP
 C = Vault XP percentage of total XP
 D = Non-vault monster count
 E = Vault monster count
 F = Vault count percentage of total count
                 A         B        C        D         E       F
            +---------+---------+-------+---------+---------+-------
      Total |     117 |     231 |  66.4 |      38 |       1 |   2.6
            +---------+---------+-------+---------+---------+-------
        D:1 |      41 |       0 |   0.0 |      16 |       0 |   0.0
        D:2 |      76 |     231 |  75.2 |      22 |       1 |   4.3
            +---------+---------+-------+---------+---------+-------
